 Seeded DCSS version 0.29-a0-1023-g6ae1a4a2c7 (webtiles) character file.

Game seed: 6155037152212704371 (custom seed)

457 mathmaestro the Grave Robber (level 6, -2/46 HPs)
             Began as a Demonspawn Necromancer on Aug 11, 2022.
             Killed from afar by an orc wizard (8 damage)
             ... with a magic dart
             ... on level 4 of the Dungeon.
             The game lasted 00:05:55 (2879 turns).

mathmaestro the Grave Robber (DsNe)                 Turns: 2879, Time: 00:05:56

Health: -2/46      AC:  5    Str:  8    XL:     6   Next: 77%
Magic:  0/11       EV: 11    Int: 18    God:
Gold:   133        SH:  4    Dex: 14    Spells: 4/12 levels left

rFire   . . .      SeeInvis .   k - +0 dagger (venom)
rCold   . . .      Faith    .   d - +0 buckler
rNeg    . . .      Spirit   +   t - +0 leather armour
rPois   .          Reflect  .   (no helmet)
rElec   .          Harm     .   j - +0 cloak
rCorr   .          Rampage  .   (no gloves)
Will    .....                   v - +0 pair of boots
Stlth   ++........              (no amulet)
HPRegen 0.15/turn               (no ring)
MPRegen 0.24/turn               (no ring)

@: no status effects
A: magic shield, magic regeneration, sturdy frame 1
a: no special abilities


You were on level 4 of the Dungeon.
You visited 1 branch of the dungeon, and saw 4 of its levels.

You collected 169 gold pieces.
You spent 36 gold pieces at shops.

Inventory:

Hand Weapons
 f - a +0 hand axe
 k - a +0 dagger of venom (weapon)
 s - a +0 dagger of distortion
Armour
 d - a +0 buckler (worn)
 j - a +0 cloak (worn)
 t - a +0 leather armour (worn)
 v - a +0 pair of boots (worn)
Scrolls
 a - a scroll of enchant weapon {unknown}
 c - 2 scrolls of silence {unknown}
 e - a scroll of teleportation {unknown}
 g - a scroll of vulnerability {unknown}
 l - a scroll of poison {unknown}
 m - 2 scrolls of magic mapping {unknown}
 n - a scroll of fear {unknown}
 o - a scroll of identify {unknown}
 q - a scroll of amnesia {unknown}
 x - a scroll of butterflies {unknown}
Potions
 b - 2 potions of magic
 h - a potion of degeneration {unknown}
 i - a potion of attraction {unknown}
 p - 2 potions of haste
 r - a potion of brilliance {unknown}
 u - a potion of curing
 w - a potion of berserk rage {unknown}
 z - a potion of mutation {unknown}


   Skills:
 + Level 2.8 Fighting
 + Level 2.3 Armour
 - Level 2.0 Dodging
 - Level 2.0 Stealth
 + Level 2.5 Shields
 + Level 3.5 Spellcasting
 + Level 5.5 Necromancy


You had 4 spell levels left.
You knew the following spells:

 Your Spells              Type           Power      Damage    Failure   Level
a - Necrotise             Necr           92%        1d8       2%          1
b - Vampiric Draining     Necr           23%        2d7       7%          3
c - Animate Dead          Necr           23%        N/A       22%         4

Your spell library contained the following spells:

 Spells                   Type           Power      Damage    Failure   Level
 Magic Dart               Conj           12%        1d3       22%         1
 Summon Small Mammal      Summ           12%        N/A       22%         1
 Call Imp                 Summ           3%         N/A       34%         2
 Call Canine Familiar     Summ           3%         N/A       56%         3
 Mephitic Cloud           Conj/Pois/Air  3%         N/A       56%         3
 Summon Guardian Golem    Hex/Summ       3%         N/A       56%         3
 Agony                    Necr           23%        N/A       54%         5


Dungeon Overview and Level Annotations

Branches:
Dungeon (4/15)
 Temple: D:4-7

Altars:

Shops:
D:3 !   D:4 :


Innate Abilities, Weirdness & Mutations

When hurt, damage is shared between your health and your magic reserves.
You regenerate magic rapidly.
Your movements are slightly less encumbered by armour. (ER -2)


Message History

The orc wizard hits you with a +0 dagger.
* * * LOW HITPOINT WARNING * * *
Unknown command.
Casting: Vampiric Draining (dangerous; 7% risk of failure)
Confirm with . or Enter, or press ? or * to list all spells.
Aiming: Necrotise (safe; 2% risk of failure)
Press: ? - help, Shift-Dir - straight line, f - orc
Aim: an orc, wielding a +0 mace (severely wounded, very poisoned, chance to affect: 91%)
The orc writhes in agony!
You kill the orc!
The dead are walking!
The orc wizard points at you and mumbles some strange words.
The magic dart hits you!
* * * LOW HITPOINT WARNING * * *
You feel better. The orc wizard misses you.
Casting: Necrotise (safe; 2% risk of failure)
Confirm with . or Enter, or press ? or * to list all spells.
Aiming: Necrotise (safe; 2% risk of failure)
Press: ? - help, Shift-Dir - straight line, f - orc wizard
Aim: an orc wizard, wielding a +0 dagger and wearing a +0 robe (ally target, chance to affect: 81%)
The orc wizard writhes in agony.
The orc wizard gestures wildly while chanting.
The orc wizard flickers and vanishes!
Deactivating autopickup; reactivate with Ctrl-A.
You closely miss something. Something hits you but does no damage.
You closely miss something. Something hits you.
* * * LOW HITPOINT WARNING * * *
You hit something. Something completely misses you.
You closely miss something. Something hits you but does no damage.
You miss something. Something hits you but does no damage.
You closely miss something. Something hits you.
* * * LOW HITPOINT WARNING * * *
You hit something but do no damage. You block something's attack.
You miss something. Something hits you.
* * * LOW HITPOINT WARNING * * *
You miss something.
You hear some strange, mumbled words.
A magic dart appears from out of thin air!
The magic dart hits you!
You die...

#######....)....## #..{.o....#
......'..).......######h#######.#
#######...........##......#####.#
..............)......####........
.......#####.#).#..#(.#.#..####.#
.#.....#####.#..##.#.#.#...# .#
.#.....##....#..##.#[####..#
.#.....##.####†............#
.#.....##.##...)@)...##..#.#
.#.....##.......Z{....#.##.#
.#.....#####.........##.##.##
##.....# #....∩...........#
...)...# #..........#.##..#
...†...# #................#
....#### #.......#....#...# ....#
#.......#.o..#...# ....#
#......)#.#.h#...#


You could see an orc and a friendly orc skeleton.

Vanquished Creatures
  Sigmund (D:3)
  A bullfrog (D:3)
  A scorpion (D:4)
  A howler monkey (D:4)
  2 orc wizards (D:4)
  3 adders
  9 orcs (D:4)
  4 ball pythons
  A bat (D:2)
  3 endoplasms
  A giant cockroach (D:1)
  4 hobgoblins
  4 quokkas
  5 goblins
  7 kobolds
  3 rats
50 creatures vanquished.

Vanquished Creatures (collateral kills)
  An orc (D:4)
  A ball python (D:4)
2 creatures vanquished.

Vanquished Creatures (others)
  6 plants (D:4)
6 creatures vanquished.

Grand Total: 58 creatures vanquished

Notes
Turn   | Place    | Note
-------+----------+-------------------------------------------
     0 | D:1      | mathmaestro the Demonspawn Necromancer began the quest for
                  | the Orb.
     0 | D:1      | Reached XP level 1. HP: 13/13 MP: 3/3
   486 | D:1      | Gained mutation: You regenerate magic rapidly. [demonic
                  | ancestry]
   486 | D:1      | Reached XP level 2. HP: 20/20 MP: 5/5
  1346 | D:3      | Found a faded altar of an unknown god.
  1405 | D:3      | Identified the +0 pair of boots of the Flute {Harm *Corrode
                  | rElec Regen+}
  1522 | D:3      | Reached skill level 1 in Fighting
  1551 | D:3      | Noticed Sigmund
  1562 | D:3      | Killed Sigmund
  1563 | D:3      | Reached skill level 1 in Armour
  1563 | D:3      | Reached skill level 1 in Shields
  1563 | D:3      | Reached skill level 5 in Necromancy
  1563 | D:3      | Reached XP level 3. HP: 16/27 MP: 4/7
  1563 | D:3      | Gained mutation: Your movements are slightly less
                  | encumbered by armour. (ER -2) [demonic ancestry]
  1563 | D:3      | Reached XP level 4. HP: 19/33 MP: 4/8
  1563 | D:3      | Reached XP level 5. HP: 22/38 MP: 4/9
  1693 | D:3      | Learned a level 3 spell: Vampiric Draining
  1698 | D:3      | Learned a level 4 spell: Animate Dead
  1720 | D:3      | Found Zojekus's Distillery.
  1738 | D:3      | Bought a potion of curing for 36 gold pieces
  2095 | D:4      | Found Ytylop's Book Emporium.
  2299 | D:4      | Gained mutation: When hurt, damage is shared between your
                  | health and your magic reserves. [demonic ancestry]
  2299 | D:4      | Reached XP level 6. HP: 39/46 MP: 5/10
  2879 | D:4      | Killed from afar by an orc wizard

Illustrated notes

Levels and vault maps discovered:
D:1:      amcnicky_arrival_underground_garden, layout_loops_ring
D:2:      layout_loops_cross
D:3:      minmay_spotlight, layout_basic,
          shapermc_ecumenical_altar_starsandcircs, serial_shops, shop,
          uniq_sigmund
D:4:      layout_basic, serial_shops, shop, serial_bayou_lagoon_a,
          grunt_ministairs_1, minmay_misc_feat_tiny

Skill      XL: |  1  2  3  4  5  6 |
---------------+-------------------+-----
Dodging        | 2 |  2.0
Stealth        | 2 |  2.0
Fighting       | 2 |  2.8
Armour         | 1 2 |  2.3
Shields        | 1 2 |  2.5
Necromancy     | 5 |  5.5
Spellcasting   | 3 |  3.5

Action                   |  1- 3 |  4- 6 || total
-------------------------+-------+-------++-------
Melee: Dagger            |    15 |    72 ||    87
 Cast: Necrotise         |    28 |    37 ||    65
       Vampiric Draining |       |     7 ||     7
  Use: Potion            |       |     1 ||     1
 Stab: Sleeping          |     4 |     2 ||     6
Armor: Robe              |     1 |       ||     1
       Leather armour    |       |    31 ||    31
Dodge: Dodged            |     9 |    42 ||    51
Block: Buckler           |       |    12 ||    12

Table legend: (Time is in decaauts)
 A = Elapsed time spent in this place.
 B = Non-inter-level travel time spent in this place.
 C = Inter-level travel time spent in this place.
 D = Time resting spent in this place.
 E = Time spent auto-exploring this place.
 F = Levels seen in this place.
 G = Mean time per level.
                   A        B        C        D        E       F      G
               +--------+--------+--------+--------+--------+-----+--------+
         Total |   2881 |   2787 |     94 |    458 |   1780 |   4 |  720.2 |
       Dungeon |   2881 |   2787 |     94 |    458 |   1780 |   4 |  720.2 |
               +--------+--------+--------+--------+--------+-----+--------+

Top non-repeatable levels by time:
     D:3: 1039 daAuts
     D:1: 742 daAuts
     D:4: 552 daAuts
     D:2: 547 daAuts
